 Dungeon Crawl Stone Soup version 0.28-a0-851-g8b9cc49659 (webtiles) character file.

Game seed: 4850113028356629679

7 vurker the Gusty (level 1, 0/14 HPs)
             Began as a Demigod Air Elementalist on Nov 14, 2021.
             Slain by a jackal (2 damage)
             ... on level 1 of the Dungeon.
             The game lasted 00:00:26 (271 turns).

vurker the Gusty (Demigod Air Elementalist)          Turns: 271, Time: 00:00:27

Health: 0/14       AC:  2    Str:  9    XL:     1   Next: 73%
Magic:  1/5        EV: 12    Int: 17    God:
Gold:   0          SH:  0    Dex: 14    Spells: 3/4 levels left

rFire   . . .      SeeInvis .   (no weapon)
rCold   . . .      Faith    .   (no shield)
rNeg    . . .      Spirit   .   a - +0 robe
rPois   .          Reflect  .   (no helmet)
rElec   .          Harm     .   (no cloak)
rCorr   .          Rampage  .   (no gloves)
Will    .....                   (no boots)
Stlth   ++........              (no amulet)
HPRegen 0.04/turn               (no ring)
MPRegen 0.09/turn               (no ring)

@: very slightly contaminated
A: high mp 1, forlorn
a: no special abilities


You were on level 1 of the Dungeon.
You visited 1 branch of the dungeon, and saw 1 of its levels.

Inventory:

Armour
 a - a +0 robe (worn)
Potions
 b - a potion of brilliance {unknown}


   Skills:
 + Level 0.3 Fighting
 - Level 1.7 Dodging
 - Level 1.7 Stealth
 * Level 2.0 Spellcasting
 + Level 1.1 Conjurations
 * Level 2.8 Air Magic


You had 3 spell levels left.
You knew the following spells:

 Your Spells              Type           Power      Damage    Failure   Level
a - Shock                 Conj/Air       32%        1d5       9%          1

Your spell library contained the following spells:

 Spells                   Type           Power      Damage    Failure   Level
 Static Discharge         Conj/Air       8%         N/A       13%         2
 Swiftness                Air            11%        N/A       19%         3
 Ozocubu's Armour         Ice            1%         N/A       50%         3
 Airstrike                Air            5%         N/A       52%         4
 Ozocubu's Refrigeration  Ice            0%         4d5       100%        7


Dungeon Overview and Level Annotations

Branches:
Dungeon (1/15)


Innate Abilities, Weirdness & Mutations

Your attributes grow dramatically as you level up.
You have an increased reservoir of magic. (+10% MP)
You shall have no god before yourself.


Message History

Aim: a jackal (severely wounded, 60% to hit)
The zap hits the jackal.
You kill the jackal!
You don't have enough magic to cast this spell.
An endoplasm is nearby!
You miscast Shock.
You are very lightly contaminated with residual magic.
Nothing appears to happen.
You don't have enough magic to cast this spell.
You hit the endoplasm. The endoplasm barely misses you.
You hit the endoplasm but do no damage. The endoplasm freezes you.
You are frozen.
You hit the endoplasm. The endoplasm freezes you.
You are frozen.
The endoplasm hits you.
You don't have enough magic to cast this spell.
You hit the endoplasm but do no damage. The endoplasm freezes you.
You are frozen.
* * * LOW HITPOINT WARNING * * *
Your magical contamination has completely faded away.
You hit the endoplasm. The endoplasm hits you.
* * * LOW HITPOINT WARNING * * *
You barely miss the endoplasm. The endoplasm hits you.
* * * LOW HITPOINT WARNING * * *
You barely miss the endoplasm. The endoplasm freezes you.
You are frozen.
* * * LOW HITPOINT WARNING * * *
You hit the endoplasm.
You kill the endoplasm!
A jackal comes into view.
Aim: a jackal (wandering, hasn't noticed you, 60% to hit)
The zap hits the jackal.
You kill the jackal!
Your Spellcasting skill increases to level 2!
A jackal comes into view.
A jackal is nearby!
Aim: a jackal (wandering, hasn't noticed you, 60% to hit)
You miscast Shock.
You are very lightly contaminated with residual magic.
Nothing appears to happen.
The jackal barks!
You hear a bark!
Aim: a jackal (60% to hit)
The zap misses the jackal.
The jackal bites you.
* * * LOW HITPOINT WARNING * * *
The jackal bites you.
You die...

.J# ..# ..# ..# #..# ..#
########..#
#......h..########
#.###@###.........#### #.#
#h# #.............
#.###.###.............
#####...........##########
#.......#.###.h.#≈≈≈≈≈§≈<≈
#.#######.# #...#≈≈§§§≈≈§§
..# #...#≈≈≈≈..§.. .###
##..#≈≈....... #.
#..#≈........


You could see 2 jackals.

Vanquished Creatures
  A dart slug (D:1)
  An endoplasm (D:1)
  2 jackals (D:1)
  A bat (D:1)
5 creatures vanquished.

Notes
Turn   | Place    | Note
-------+----------+-------------------------------------------
     0 | D:1      | vurker the Demigod Air Elementalist began the quest for the
                  | Orb.
     0 | D:1      | Reached XP level 1. HP: 14/14 MP: 5/5
    71 | D:1      | Reached skill level 1 in Conjurations
   271 | D:1      | Slain by a jackal

Illustrated notes

Levels and vault maps discovered:
D:1:      lordsloth_arrival_two_stooges, layout_loops_ring

Skill      XL: |  1 |
---------------+----+-----
Conjurations   | 1 |  1.1
Spellcasting   | 2 |  2.0
Fighting       | |  0.3
Dodging        | |  1.7
Stealth        | |  1.7
Air Magic      | |  2.8

Action                   || total
-------------------------++-------
Melee: Unarmed           ||     8
 Cast: Shock             ||    15
Armor: Robe              ||     1
Dodge: Dodged            ||     3

Table legend: (Time is in decaauts)
 A = Elapsed time spent in this place.
 B = Non-inter-level travel time spent in this place.
 C = Inter-level travel time spent in this place.
 D = Time resting spent in this place.
 E = Time spent auto-exploring this place.
 F = Levels seen in this place.
 G = Mean time per level.
                   A        B        C        D        E       F      G
               +--------+--------+--------+--------+--------+-----+--------+
         Total |    271 |    271 |      0 |      0 |    230 |   1 |  271.0 |
       Dungeon |    271 |    271 |      0 |      0 |    230 |   1 |  271.0 |
               +--------+--------+--------+--------+--------+-----+--------+

Top non-repeatable levels by time:
     D:1: 271 daAuts
